 Dungeon Crawl Stone Soup version 0.30-a0-1082-g70414cbcbb (webtiles) character file.

Game seed: 7756456082308564593

8808 billz999 the Fighter (level 11, -23/73 HPs)
             Began as a Gargoyle Earth Elementalist on Apr 15, 2023.
             Was the Champion of Jiyva.
             Annihilated by a spectral orc knight
             ... wielding a +3 bardiche
             ... summoned by Nergalle
              (24 damage)
             ... on level 10 of the Dungeon.
             The game lasted 00:38:50 (8968 turns).

billz999 the Fighter (Gargoyle Earth Elementalist)  Turns: 8968, Time: 00:38:51

Health: -23/73     AC: 11    Str: 20    XL:     11   Next: 36%
Magic:  3/22       EV: 11    Int: 18    God:    Jiyva [******]
Gold:   317        SH:  4    Dex:  8    Spells: 11/24 levels left

rFire   . . .      SeeInvis +    a - staff of earth
rCold   . . .      Faith    +    (no shield)
rNeg    + . .      Spirit   .    o - +0 robe
rPois   ∞          Reflect  .    B - +0 helmet {SInv}
rElec   +          Rampage  .    J - scarf {harm}
rCorr   +          Harm     + .  L - +0 pair of gloves
Will    +....                    (no boots)
Stlth   ++                       l - amulet of faith
HPRegen 1.92/turn                n - ring of willpower
MPRegen 0.68/turn                I - ring of wizardry

@: studying Unarmed Combat
A: sickness immunity, AC +8, negative energy resistance 1, electricity
resistance, torment resistance 1, petrification resistance, large bone plates 1,
mutation resistance 2, strong 2, pseudopods 3
a: Renounce Religion, Oozemancy, Slimify


You were on level 10 of the Dungeon.
You worshipped Jiyva.
Jiyva was exalted by your worship.
You visited 1 branch of the dungeon, and saw 10 of its levels.
You also visited: Sewer.

You collected 317 gold pieces.

Inventory:

Hand Weapons
 b - the +8 whip of the Protecting Gods {drain, Dex+5 SInv}
   (You found it on level 2 of the Dungeon)

   Dex:       It affects your dexterity (+5).
   SInv:      It lets you see invisible.
 i - a +0 dagger
 w - a +1 antimagic halberd
Missiles
 A - 4 throwing nets
Armour
 o - a +0 robe (worn)
 B - a +0 helmet of see invisible (worn)
 G - a +0 cloak
 J - a scarf of harm (worn)
 L - a +0 pair of gloves (worn)
Magical Staves
 a - a staff of earth (weapon)
Jewellery
 l - an amulet of faith (around neck)
 n - a ring of willpower (left hand)
 I - a ring of wizardry (right hand)
Wands
 s - a wand of mindburst (6)
 E - a wand of charming (11)
 M - a wand of flame (8)
Scrolls
 c - 14 scrolls of identify
 d - a scroll of amnesia {unknown}
 h - a scroll of blinking
 m - a scroll of poison {unknown}
 p - a scroll of summoning {unknown}
 r - a scroll of immolation {unknown}
 x - 2 scrolls of fog {unknown}
 y - 4 scrolls of teleportation {unknown}
 z - a scroll of silence {unknown}
 C - 2 scrolls of magic mapping {unknown}
 D - a scroll of enchant weapon {unknown}
 K - a scroll of vulnerability {unknown}
Potions
 e - 4 potions of degeneration {unknown}
 f - a potion of might
 g - 4 potions of lignification {unknown}
 j - 4 potions of magic
 k - 3 potions of curing {unknown}
 q - a potion of berserk rage {unknown}
 t - 3 potions of haste {unknown}
 u - a potion of invisibility
 v - a potion of heal wounds {unknown}
 F - a potion of cancellation {unknown}
 H - a potion of brilliance {unknown}


   Skills:
 - Level 10.4 Fighting
 - Level 1.6 Dodging
 - Level 2.3 Stealth
 + Level 5.0 Unarmed Combat
 - Level 7.3 Spellcasting
 - Level 4.0 Conjurations
 + Level 0.4 Hexes
 - Level 6.5 Transmutations
 - Level 10.2 Earth Magic


You had 11 spell levels left.
You knew the following spells:

 Your Spells              Type           Power      Damage    Failure   Level
a - Sandblast             Erth           100%       2d20      1%          1
b - Stone Arrow           Conj/Erth      96%        3d13      1%          3
c - Petrify               Tmut/Erth      53%        N/A       1%          4
d - Yara's Violent Unrav  Hex/Tmut       9%         3d6       26%         5

Your spell library contained the following spells:

 Spells                   Type           Power      Damage    Failure   Level
 Beastly Appendage        Tmut           60%        N/A       1%          1
 Passwall                 Tmut/Erth      44%        N/A       1%          2
 Wereblood                Tmut           30%        N/A       1%          2
 Spider Form              Tmut/Pois      18%        N/A       3%          3
 Necrotise                Necr           24%        1d5       4%          1
 Inner Flame              Hex/Fire       7%         N/A       12%         3
 Vampiric Draining        Necr           6%         2d6       12%         3
 Agony                    Necr           6%         N/A       71%         5
 Enfeeble                 Hex            4%         N/A       100%        7


Dungeon Overview and Level Annotations

Branches:
Dungeon (10/15)            Temple (0/1) D:7             Orc (0/2) D:10
  Sewer (visited)
   Lair: D:8-11

Altars:
Makhleb
Qazlal
Sif Muna
Trog
Uskayaw
Vehumet
Wu Jian
Xom

Annotations:
D:8 2 transporters, Darkkill's ghost, novice MiHu
D:9 3 runed translucent doors
D:10 Nergalle


Innate Abilities, Weirdness & Mutations

You are immune to sickness and miasma.
Your stone body is resilient. (AC +8)
You are immune to poison.
You resist negative energy. (rN+)
You are resistant to electric shocks. (rElec)
You are resistant to unholy torment.
You are immune to petrification.
You are partially covered in large bone plates. (SH +4)
You are somewhat resistant to both further mutation and mutation removal.
Your muscles are very strong. (Str +8, Int/Dex -2)
Armour fits poorly on your massive pseudopods.


Message History

Press: ? - help, Shift-Dir - straight line, f/p - Nergalle
Aim: Nergalle, wielding a +0 dagger and wearing a +2 robe of willpower (heavily wounded, slightly transparent, 73% to hit)
You feel a surge of power!
The stone arrow hits Nergalle!
Nergalle is almost dead.
Nergalle completely misses you.
Your acid blob hits the spectral orc knight!
The spectral orc knight is splashed with acid.
The acid corrodes the spectral orc knight!
The spectral orc knight hits you with a +3 bardiche!
* * * LOW HITPOINT WARNING * * *
You shudder from the blow and a jelly pops out!
The spectral orc warrior hits you with a +0 flail!
* * * LOW HITPOINT WARNING * * *
The spectral orc knight hits you but does no damage.
The spectral orc knight hits your azure jelly with a +0 battleaxe.
You block the spectral orc's attack.
Unknown command.
Casting: Stone Arrow (safe; 1% risk of failure)
Confirm with . or Enter, or press ? or * to list all spells.
Aiming: Stone Arrow (safe; 1% risk of failure)
Press: ? - help, Shift-Dir - straight line, f/p - Nergalle
Aim: Nergalle, wielding a +0 dagger and wearing a +2 robe of willpower (severely wounded, slightly transparent, 73% to hit)
You feel a surge of power!
The stone arrow hits Nergalle.
Nergalle is almost dead.
Nergalle casts a spell at the spectral orc warrior.
The spectral orc warrior seems to speed up.
Your acid blob closely misses the spectral orc knight.
Your azure jelly hits the spectral orc knight but does no damage.
Your azure jelly hits the spectral orc knight!
Your azure jelly freezes the spectral orc knight!
The spectral orc knight resists.
Your azure jelly hits the spectral orc knight but does no damage.
Your azure jelly barely misses the spectral orc knight.
The spectral orc warrior hits you with a +0 flail.
* * * LOW HITPOINT WARNING * * *
The spectral orc knight closely misses you.
The spectral orc knight hits your azure jelly with a +0 battleaxe!
The spectral orc hits you but does no damage.
The spectral orc knight hits you with a +3 bardiche!!
You die...

..# # #####.....#
.........#
#........#
#........#
........# #.
.J....#
#.<.###ZZ...#
+....§o@ZZ..#
#.....#.Z...# #....
#.J...# #...
#.....# #.. #.....#
### .. #.....# ...
. #.....# ... .
#.....### ###
#.#########........


You could see Nergalle (invisible), a spectral orc (summoned), 2 spectral orc
warriors, 2 spectral orc knights, a friendly acid blob (summoned) and a friendly
azure jelly (summoned).

Vanquished Creatures
  2 manticores (D:9)
  2 gargoyles (D:10)
  4 trolls
  A hornet (D:8)
  Sigmund (D:4)
  Eustachio (D:3)
  9 yaks
  A wyvern (D:9)
  A steam dragon (D:7)
  Edmund (D:4)
  Duvessa (D:7)
  5 orc warriors
  2 ice beasts (D:8)
  A sky beast (D:7)
  2 ogres (D:5)
  2 centaurs
  A kobold brigand (D:9)
  A bullfrog (D:8)
  12 wights
  Dowan (D:7)
  4 killer bees
  5 howler monkeys
  A wyvern simulacrum (D:9)
  2 hounds
  Crazy Yiuf (D:6)
  2 gnoll boudas
  2 sleepcaps
  5 orc wizards
  Ijyb (D:5)
  Natasha (twice) (D:3)
  2 iguanas
  Robin (D:4)
  12 gnolls
  10 adders
  A river rat (Sewer)
  A shadow imp (D:6)
  2 white imps (D:5)
  An ufetubus (D:4)
  5 worms
  2 dart slugs
  22 orcs
  5 bats
  7 endoplasms
  5 giant cockroaches
  14 goblins
  11 hobgoblins
  2 jackals (D:1)
  A quokka (D:1)
  8 ball pythons
  5 frilled lizards
  6 kobolds
  7 rats
206 creatures vanquished.

Vanquished Creatures (collateral kills)
  A boulder beetle (D:7)
  A manticore (D:9)
  An ogre (D:7)
  A centaur (D:9)
  A white imp (D:7)
  An orc (D:7)
6 creatures vanquished.

Vanquished Creatures (others)
  2 two-headed ogres (D:9)
  An orb spider (shapeshifter) (D:8)
  A shadow (D:9)
  Menkaure (D:7)
  2 water moccasins
  A floating eye (shapeshifter) (D:9)
  A boggart (D:9)
  A kobold brigand (D:9)
  A bullfrog (D:7)
  A wight (D:7)
  A howler monkey (D:9)
  13 jellies
  Natasha (D:3)
  An iguana (D:5)
  An orc wizard (D:5)
  3 gnolls
  A worm (Sewer)
  4 orcs
  A giant cockroach (D:3)
  7 kobolds (D:9)
  A rat (Sewer)
  25 fungi (D:9)
  8 plants (D:6)
79 creatures vanquished.

Grand Total: 291 creatures vanquished

Notes
Turn   | Place    | Note
-------+----------+-------------------------------------------
     0 | D:1      | billz999 the Gargoyle Earth Elementalist began the quest
                  | for the Orb.
     0 | D:1      | Reached XP level 1. HP: 10/10 MP: 3/3
   330 | D:1      | Reached skill level 1 in Transmutations
   330 | D:1      | Reached XP level 2. HP: 15/15 MP: 3/5
  1087 | D:2      | Reached XP level 3. HP: 17/19 MP: 2/6
  1090 | D:2      | Identified the +8 whip of the Protecting Gods {drain, Dex+5
                  | SInv}
  1514 | D:2      | Found a faded altar of an unknown god.
  1539 | D:2      | Reached XP level 4. HP: 24/24 MP: 4/7
  1984 | D:3      | Found a glowing drain.
  1985 | D:3      | Noticed Natasha
  1988 | D:3      | Killed Natasha
  1995 | Sewer    | Entered a sewer
  2028 | Sewer    | Reached XP level 5. HP: 28/28 MP: 4/8
  2213 | Sewer    | Found a viscous altar of Jiyva.
  2230 | Sewer    | Became a worshipper of Jiyva Jaefon the Shapeless
  2395 | D:3      | Noticed Natasha
  2400 | D:3      | Killed Natasha
  2809 | D:3      | Reached XP level 6. HP: 32/32 MP: 7/9
  3022 | D:3      | Reached * piety under Jiyva
  3148 | D:3      | Killed Natasha
  3273 | D:4      | Reached skill level 5 in Transmutations
  3290 | D:4      | Noticed Eustachio
  3299 | D:4      | Noticed Robin
  3299 | D:4      | Noticed Edmund
  3306 | D:4      | Killed Robin
  3346 | D:4      | Killed Edmund
  3347 | D:4      | Reached XP level 7. HP: 28/36 MP: 5/10
  3380 | D:3      | Killed Eustachio
  3396 | D:4      | Learned a level 3 spell: Stone Arrow
  3401 | D:4      | Learned a level 4 spell: Petrify
  3466 | D:4      | Reached skill level 1 in Conjurations
  3516 | D:4      | Noticed an air elemental
  3518 | D:4      | Found a stormy altar of Qazlal.
  3534 | D:4      | Noticed a water elemental
  3535 | D:4      | Noticed a fire elemental
  3695 | D:4      | Reached ** piety under Jiyva
  3819 | D:4      | Noticed Sigmund
  3824 | D:4      | Killed Sigmund
  3825 | D:4      | Reached XP level 8. HP: 41/41 MP: 6/11
  4130 | D:5      | Entered Level 5 of the Dungeon
  4199 | D:5      | Reached *** piety under Jiyva
  4241 | D:5      | Noticed Ijyb
  4251 | D:5      | Killed Ijyb
  4492 | D:5      | Gained mutation: Armour fits poorly on your pseudopods.
                  | [Jiyva's grace]
  4492 | D:5      | Gained mutation: Armour fits poorly on your large
                  | pseudopods. [Jiyva's grace]
  4492 | D:5      | Gained mutation: Armour fits poorly on your massive
                  | pseudopods. [Jiyva's grace]
  4492 | D:5      | Gained mutation: You are robust. (+10% HP) [Jiyva's grace]
  4652 | D:5      | Reached **** piety under Jiyva
  5016 | D:6      | Reached skill level 5 in Spellcasting
  5136 | D:6      | Found a shimmering blue altar of Sif Muna.
  5171 | D:6      | Reached ***** piety under Jiyva
  5228 | D:6      | Found a runed translucent door.
  5229 | D:6      | Noticed Crazy Yiuf
  5372 | D:6      | Found an ornate altar of the Wu Jian Council.
  5635 | D:6      | Killed Crazy Yiuf
  5717 | D:7      | Found a burning altar of Makhleb.
  5736 | D:7      | Reached skill level 5 in Earth Magic
  5761 | D:7      | Reached XP level 9. HP: 49/49 MP: 11/17
  5918 | D:7      | Killed Menkaure
  6059 | D:7      | Found a staircase to the Ecumenical Temple.
  6176 | D:7      | Noticed a boulder beetle
  6185 | D:7      | Killed a boulder beetle
  6208 | D:7      | Gained mutation: Your melee attacks may engulf your foes in
                  | ooze. [Jiyva's grace]
  6208 | D:7      | Gained mutation: You are partially covered in large bone
                  | plates. (SH +4) [Jiyva's grace]
  6208 | D:7      | Gained mutation: You are mostly covered in large bone
                  | plates. (SH +6) [Jiyva's grace]
  6208 | D:7      | Gained mutation: You are completely covered in large bone
                  | plates. (SH +8) [Jiyva's grace]
  6276 | D:7      | Noticed Duvessa
  6276 | D:7      | Noticed Dowan
  6282 | D:7      | Killed Duvessa
  6284 | D:7      | Killed Dowan
  6553 | D:8      | Noticed an unseen horror
  6567 | D:8      | Reached XP level 10. HP: 55/55 MP: 12/20
  6569 | D:8      | Noticed a mana viper
  6582 | D:8      | Reached ****** piety under Jiyva
  6597 | D:8      | a mana viper changed into a steelbarb worm
  6597 | D:8      | Noticed a steelbarb worm (shapeshifter)
  6661 | D:8      | Noticed a lindwurm
  6681 | D:8      | Found a transporter.
  6682 | D:8      | Noticed Darkkill's ghost (novice MiHu)
  6693 | D:8      | Found a transporter.
  6748 | D:8      | Reached skill level 10 in Earth Magic
  6789 | D:8      | Killed an orb spider
  6863 | D:8      | Reached skill level 1 in Fighting
  7135 | D:8      | Found a shimmering altar of Xom.
  7502 | D:9      | Found a radiant altar of Vehumet.
  7504 | D:9      | Lost mutation: You are completely covered in large bone
                  | plates. (SH +8) [Jiyva's grace]
  7504 | D:9      | Lost mutation: You are mostly covered in large bone plates.
                  | (SH +6) [Jiyva's grace]
  7504 | D:9      | Lost mutation: You are robust. (+10% HP) [Jiyva's grace]
  7504 | D:9      | Lost mutation: Your melee attacks may engulf your foes in
                  | ooze. [Jiyva's grace]
  7504 | D:9      | Gained mutation: Your muscles are strong. (Str +4, Int/Dex
                  | -1) [Jiyva's grace]
  7504 | D:9      | Gained mutation: Your muscles are very strong. (Str +8,
                  | Int/Dex -2) [Jiyva's grace]
  7504 | D:9      | Gained mutation: You are somewhat resistant to further
                  | mutation. [Jiyva's grace]
  7504 | D:9      | Gained mutation: You are somewhat resistant to both further
                  | mutation and mutation removal. [Jiyva's grace]
  7594 | D:9      | Found a runed translucent door.
  7594 | D:9      | Noticed a two-headed ogre
  7595 | D:9      | Noticed a centaur warrior
  7595 | D:9      | Noticed a two-headed ogre
  7596 | D:9      | Noticed a centaur warrior
  7597 | D:9      | Found a runed translucent door.
  7597 | D:9      | Found a runed translucent door.
  7599 | D:9      | Noticed a two-headed ogre
  7600 | D:9      | Noticed a deep elf pyromancer
  7614 | D:9      | Reached skill level 5 in Fighting
  8302 | D:9      | Noticed a manticore
  8309 | D:9      | Killed a manticore
  8310 | D:9      | Reached XP level 11. HP: 59/71 MP: 9/22
  8377 | D:9      | Noticed a manticore
  8461 | D:9      | Killed a manticore
  8462 | D:9      | Reached skill level 10 in Fighting
  8544 | D:9      | Noticed a manticore
  8554 | D:9      | Killed a manticore
  8577 | D:10     | Entered Level 10 of the Dungeon
  8790 | D:10     | Found a bloodstained altar of Trog.
  8833 | D:10     | Found a staircase to the Orcish Mines.
  8852 | D:10     | Learned a level 5 spell: Yara's Violent Unravelling
  8902 | D:10     | Reached skill level 5 in Unarmed Combat
  8944 | D:10     | Found a hide-covered altar of Uskayaw.
  8961 | D:10     | Noticed Nergalle
  8968 | D:10     | HP: 1/73 [spectral orc warrior/+0 flail[Nergalle] (7)]
  8968 | D:10     | Annihilated by a spectral orc knight

Illustrated notes

Levels and vault maps discovered:
D:1:      onia_arrival_pyramid, layout_basic, wad_floor_pattern_1
D:2:      layout_rooms, shapermc_ecumenical_altar_pompeii,
          kennysheep_big_empty_room, serial_park_tiny_pond
D:3:      layout_basic, cheibrodos_sewer_entry_sluice, uniq_natasha
D:4:      layout_basic, nicolae_qazlal_style_of_elements,
          kennysheep_pointless_box, uniq_edmund, uniq_eustachio, uniq_robin,
          uniq_sigmund
D:5:      layout_gridville, uniq_ijyb
D:6:      layout_loops_ring, mainiacjoe_overflow_tiny_flanked,
          pdpol_wu_jian_five_deadly_venoms, serial_bayou_pond_a,
          uniq_crazy_yiuf_cottage
D:7:      layout_loops_ring, mainiacjoe_overflow_chevrons, minmay_manual_moon,
          uniq_menkaure, uniq_duvessa
D:8:      layout_gridville, lemuel_round_altar, nzn_ghost_randoct,
          dk_noncrumbling_4, nicolae_nh_ransacked_shop
D:9:      minmay_the_grid_triangle_9x9_rhombus_thin_mashed
          [minmay_the_grid_triangle_9x9_thin_v,
          minmay_the_grid_triangle_9x9_prize_schism,
          minmay_the_grid_triangle_9x9_steps,
          minmay_the_grid_triangle_9x9_fully_insulated_deathbox],
          layout_stronghold, mainiacjoe_overflow_cross_hatched
D:10:     layout_irregular_city, kennysheep_mini, trog_three_pillars_becter,
          orc_0_dummy, uniq_nergalle

Skill      XL: |  1  2  3  4  5  6  7  8  9 10 11 |
---------------+----------------------------------+-----
Transmutations | 1 2 3 4 5 6 |  6.5
Conjurations   | 3 4 |  4.0
Spellcasting   | 5 7 |  7.3
Earth Magic    | 5 9 10 | 10.2
Fighting       | 9 10 | 10.4
Unarmed Combat | 5 |  5.0
Dodging        | |  1.6
Stealth        | |  2.3
Hexes          | |  0.4

Action                     |  1- 3 |  4- 6 |  7- 9 | 10-12 || total
---------------------------+-------+-------+-------+-------++-------
  Melee: Unarmed           |     4 |       |       |       ||     4
         Whip              |    17 |     8 |     3 |    59 ||    87
         Staff             |       |     5 |     1 |     1 ||     7
         Pseudopods        |       |       |     1 |    31 ||    32
         Dagger            |       |       |       |    12 ||    12
         Punch             |       |       |       |     4 ||     4
   Cast: Sandblast         |    39 |    90 |    86 |    15 ||   230
         Stone Arrow       |       |       |    53 |    76 ||   129
         Petrify           |       |       |       |    27 ||    27
  Evoke: Wand              |       |     7 |       |     3 ||    10
    Use: Scroll            |       |     2 |       |       ||     2
   Stab: Sleeping          |     1 |       |       |       ||     1
         Petrified         |       |       |       |    40 ||    40
 Armour: Robe              |    11 |    22 |    16 |    34 ||    83
  Dodge: Dodged            |    20 |    82 |    42 |    57 ||   201
  Block: Other             |       |       |     3 |    21 ||    24

Table legend: (Time is in decaauts)
 A = Elapsed time spent in this place.
 B = Non-inter-level travel time spent in this place.
 C = Inter-level travel time spent in this place.
 D = Time resting spent in this place.
 E = Time spent auto-exploring this place.
 F = Levels seen in this place.
 G = Mean time per level.
                   A        B        C        D        E       F      G
               +--------+--------+--------+--------+--------+-----+--------+
         Total |   9130 |   8594 |    536 |    524 |   6369 |  11 |  830.0 |
       Dungeon |   8696 |   8160 |    536 |    446 |   6226 |  10 |  869.6 |
         Sewer |    433 |    433 |      0 |     78 |    143 |   1 |  433.0 |
               +--------+--------+--------+--------+--------+-----+--------+

Top non-repeatable levels by time:
     D:9: 1213 daAuts
     D:1: 1183 daAuts
     D:2: 997 daAuts
     D:4: 983 daAuts
     D:6: 827 daAuts
     D:7: 825 daAuts
     D:5: 823 daAuts
     D:3: 784 daAuts
     D:8: 668 daAuts
   Sewer: 433 daAuts
    D:10: 391 daAuts
